 Dungeon Crawl Stone Soup version 0.19.1 (webtiles) character file.

7635 sveltemanboy the Spear-Bearer (level 11, -4/79 HPs)
             Began as a Merfolk Ice Elementalist on Dec 20, 2016.
             Was a Follower of Ashenzari.
             Slain by Urug
             ... wielding a +0 great sword of slicing
              (16 damage)
             ... on level 10 of the Dungeon.
             The game lasted 00:40:24 (14218 turns).

sveltemanboy the Spear-Bearer (MfIE)               Turns: 14218, Time: 00:40:24

Health: -4/79      AC: 21    Str:  9    XL:     11   Next: 18%
Magic:  3/14       EV: 16    Int: 18    God:    Ashenzari [*.....]
Gold:   612        SH:  0    Dex: 14    Spells: 4 memorised, 3 levels left

rFire  . . .     SeeInvis .     R - +0 glaive (curse)
rCold  . . .     Gourm    .     s - +2 leather armour {MR+} (curse)
rNeg   + + .     Faith    +     (shield currently unavailable)
rPois  .         Spirit   .     w - +2 helmet (curse)
rElec  .         Reflect  .     (no cloak)
rCorr  .         Harm     .     n - +2 pair of gloves (curse)
MR     +....                    (no boots)
Stlth  ++........               D - amulet of faith (curse)
                                (no ring)
                                y - ring "Unlem" {*Corrode rN++ AC+3} (curse)

@: icy armour, very slightly contaminated, starving, hasted, very quick
A: change form in water, swift swim, stealthy swim
a: Curse Item, Scrying, Renounce Religion


You were on level 10 of the Dungeon.
You worshipped Ashenzari.
Ashenzari was aware of your devotion.
You were starving.

You visited 2 branches of the dungeon, and saw 11 of its levels.
You also visited: Ossuary.

You collected 612 gold pieces.

Inventory:

Hand Weapons
 R - a cursed +0 glaive (weapon)
Missiles
 K - 2 throwing nets (quivered)
Armour
 n - a cursed +2 pair of gloves (worn)
 s - a cursed +2 leather armour of magic resistance (worn)
 w - a cursed +2 helmet (worn)
Jewellery
 y - the cursed ring "Unlem" (left hand) {*Corrode rN++ AC+3}
   (You found it on level 4 of the Dungeon)

   [ring of protection]

   It affects your AC (+3).
   It greatly protects you from negative energy.
   It may corrode you when you take damage.
   It has a curse placed upon it.
 D - a cursed amulet of faith (around neck)
Wands
 b - a wand of lightning (5/15)
 i - a wand of digging (8/24)
 j - a wand of flame (6/48)
 q - a wand of lightning (2/15)
 r - a wand of acid (9/15)
 H - a wand of iceblast (9/15)
 L - a wand of flame (40/48)
 N - a wand of flame (17/48)
Scrolls
 d - a scroll of remove curse
 e - a scroll of enchant weapon
 f - a scroll of recharging
 h - 3 scrolls of enchant armour
 k - 2 scrolls of teleportation
 m - 2 scrolls of fog
 o - 4 scrolls of blinking
 u - a scroll of amnesia
 B - 2 scrolls of identify
 G - 2 scrolls of magic mapping
 O - a scroll of fear
Potions
 l - 2 potions of curing
 t - 2 potions of mutation
 v - a potion of brilliance
 x - 3 potions of haste
 z - 3 potions of degeneration {unknown}
 E - 2 potions of cancellation
 F - 3 potions of lignification
 J - a potion of resistance
 Q - a potion of ambrosia {unknown}
Books
 I - a Young Poisoner's Handbook

   Spells                             Type                      Level
   a - Sting                          Conjuration/Poison           1
   b - Mephitic Cloud                 Conjuration/Poison/Air       3
   c - Olgreb's Toxic Radiance        Poison                       4
   d - Alistair's Intoxication        Transmutation/Poison         5
   e - Venom Bolt                     Conjuration/Poison           5
 M - a book of Necromancy

   Spells                             Type                      Level
   a - Pain                           Necromancy                   1
   b - Animate Skeleton               Necromancy                   1
   c - Vampiric Draining              Necromancy                   3
   d - Regeneration                   Charms/Necromancy            3
   e - Animate Dead                   Necromancy                   4
   f - Control Undead                 Necromancy                   4
Miscellaneous
 P - a phantom mirror
Comestibles
 a - 3 slices of pizza
 c - 11 bread rations
 g - 10 fruits
 p - 9 beef jerkies
 C - 2 meat rations


   Skills:
 - Level 5.0 Fighting
 - Level 14.4 Polearms
 - Level 1.0 Armour
 + Level 7.5 Dodging
 - Level 2.1 Stealth
 - Level 2.0 Spellcasting
   Level 0.7 Conjurations
 + Level 4.6 Charms
 - Level 3.0 Summonings
 - Level 2.1 Necromancy
 + Level 10.2 Ice Magic


You had 3 spell levels left.
You knew the following spells:

 Your Spells              Type           Power        Failure   Level  Hunger
a - Freeze                Ice            ####         1%          1    #......
b - Ozocubu's Armour      Chrm/Ice       ####....     4%          3    ###....
c - Summon Ice Beast      Ice/Summ       ####....     17%         4    #####..
d - Regeneration          Chrm/Necr      ##........   21%         3    ###....


Dungeon Overview and Level Annotations

Branches:
Dungeon (10/15)            Temple (1/1) D:7            Lair (0/6) D:8
    Orc: D:9-12

Altars:
Ashenzari
Cheibriados
Dithmenos
Elyvilon
Gozag
Hepliaklqana
Kikubaaqudgha
Nemelex Xobeh
Qazlal
Ru
Trog
Xom
Yredelemnul
Zin
The Shining One

Annotations:
D:10 Urug


Message History

* * * LOW HITPOINT WARNING * * *
x2 Your ice beast hits Urug.
Your ice beast freezes Urug!
You hit Urug but do no damage.
Urug is severely wounded.
You feel better.
Urug squints and says, "My one eye mightn't be all that good, but I can see you just fine with it, harpy."
Urug hits you with a great sword of slicing!
* * * LOW HITPOINT WARNING * * *
x2 Your ice beast hits Urug but does no damage.
You hit Urug but do no damage.
Urug is severely wounded.
Your ice beast hits Urug but does no damage.
Urug hits your ice beast with a great sword of slicing!
You closely miss Urug.
Urug is severely wounded.
You barely miss Urug.
Urug is severely wounded.
Your ice beast hits Urug.
Your ice beast freezes Urug.
Urug hits you with a great sword of slicing!
You die...

#...## ##...# ##...# #.o..
#...## ##.... # ##...#
#.... .#
#...########...##.####
####...................#
#......................#
#..........####........#
####..(.........@o........#
..............####Y.......#
####..........# #........#
#..........# #........#
#..........# ###.#######
####.####### #.......#
#..###### #########'##
##......####..........#
######'##.'..........#


You could see Urug and a friendly ice beast.

Vanquished Creatures
  Erica (D:8)
  The ghost of Philosophy the Cruncher, a novice FoFi of Okawaru (D:9)
  2 centaur skeletons (D:10)
  A hornet (D:9)
  A two-headed ogre (D:10)
  A yak (D:9)
  A wyvern (D:9)
  Edmund (D:6)
  A water moccasin (D:9)
  3 black bears
  2 sky beasts
  An ice beast (D:9)
  An orc warrior (D:9)
  3 phantoms
  3 ogres
  3 centaurs
  3 bullfrogs (D:6)
  A wyvern zombie (D:10)
  12 scorpions
  2 wights (D:9)
  2 howler monkeys (D:4)
  A crimson imp (D:6)
  A centaur zombie (Ossuary)
  2 jellies (D:5)
  A hound (D:9)
  A bullfrog zombie (D:5)
  3 human zombies (Ossuary)
  6 orc priests
  5 iguanas
  A bullfrog skeleton (D:5)
  2 orc wizards (D:7)
  6 worker ants
  A big kobold zombie (Ossuary)
  2 hound zombies
  A hound skeleton (D:9)
  3 mummies (Ossuary)
  A worker ant zombie (D:9)
  A gnoll (D:6)
  A howler monkey skeleton (D:5)
  13 adders
  3 scorpion zombies (Ossuary)
  2 shadow imps
  An ooze (D:1)
  An adder skeleton (D:4)
  An adder zombie (D:9)
  7 worms
  3 dart slugs
  6 leopard geckos
  44 orcs
  5 giant cockroaches
  6 hobgoblins
  3 jackals (D:4)
  4 quokkas
  A ball python (D:3)
  5 bats
  7 frilled lizards
  A gnoll zombie (Ossuary)
  8 goblins
  2 goblin zombies (Ossuary)
  2 hobgoblin zombies (Ossuary)
  5 kobolds
  A leopard gecko skeleton (D:4)
  3 orc zombies (Ossuary)
  12 rats
231 creatures vanquished.

Vanquished Creatures (collateral kills)
  A death yak (D:8)
  An elephant (D:8)
  A troll (D:9)
  A hippogriff (D:8)
  2 yaks (D:9)
  3 orc warriors
  A necrophage (D:6)
  A centaur (D:6)
  4 ogres
  A scorpion (D:6)
  A wight (D:9)
  3 orc wizards
  A hound skeleton (D:8)
  11 orcs
  A giant cockroach (D:6)
  2 quokkas (D:9)
35 creatures vanquished.

Vanquished Creatures (others)
  A giant cockroach (D:1)
  A bat (D:1)
  2 rats (D:1)
4 creatures vanquished.

Grand Total: 270 creatures vanquished

Notes
Turn   | Place    | Note
-------+----------+-------------------------------------------
     0 | D:1      | sveltemanboy the Merfolk Ice Elementalist began the quest for the Orb.
     0 | D:1      | Reached XP level 1. HP: 13/13 MP: 3/3
   524 | D:1      | Reached XP level 2. HP: 5/19 MP: 1/5
  1463 | D:2      | Reached XP level 3. HP: 19/24 MP: 2/6
  1580 | D:2      | Reached skill level 1 in Armour
  2083 | D:2      | Reached XP level 4. HP: 21/31 MP: 0/7
  2320 | D:2      | Reached skill level 1 in Fighting
  2381 | D:2      | Learned a level 3 spell: Ozocubu's Armour
  2775 | D:2      | Reached skill level 5 in Ice Magic
  3908 | D:3      | Reached XP level 5. HP: 37/37 MP: 5/8
  3992 | D:3      | Reached skill level 1 in Charms
  4237 | D:3      | Learned a level 4 spell: Summon Ice Beast
  4875 | D:4      | Reached skill level 1 in Summonings
  5317 | D:4      | Reached skill level 1 in Polearms
  5317 | D:4      | Reached XP level 6. HP: 37/43 MP: 4/9
  5486 | D:4      | Reached skill level 2 in Polearms
  5896 | D:4      | Got a slimy bronze ring
  5897 | D:4      | Identified the ring "Unlem" {*Corrode rN++ AC+3} (You found it on level 4 of the Dungeon)
  5941 | D:4      | Reached skill level 3 in Polearms
  6231 | D:5      | Entered Level 5 of the Dungeon
  6254 | D:5      | Found a sparkling altar of Nemelex Xobeh.
  6328 | D:5      | Reached XP level 7. HP: 42/48 MP: 8/10
  6330 | D:5      | Reached skill level 4 in Polearms
  6694 | D:5      | Found an opulent altar of Gozag.
  7422 | D:5      | Reached skill level 5 in Polearms
  7767 | D:6      | Noticed Edmund
  7777 | D:6      | Found a sand-covered staircase.
  7782 | Ossuary  | Entered an ossuary
  7885 | Ossuary  | Reached XP level 8. HP: 35/54 MP: 4/11
  7896 | Ossuary  | Reached skill level 6 in Polearms
  8419 | Ossuary  | Reached skill level 7 in Polearms
  8965 | D:6      | Reached skill level 8 in Polearms
  9303 | D:6      | Reached XP level 9. HP: 43/59 MP: 12/12
  9480 | D:6      | Reached skill level 9 in Polearms
 10113 | D:6      | Killed Edmund
 10113 | D:6      | Reached skill level 10 in Polearms
 10327 | D:7      | Found a glowing silver altar of Zin.
 10327 | D:7      | Found a basalt altar of Yredelemnul.
 10481 | D:7      | Reached skill level 10 in Ice Magic
 10810 | D:7      | Found a staircase to the Ecumenical Temple.
 10836 | Temple   | Entered the Ecumenical Temple
 10846 | Temple   | Became a worshipper of Ashenzari the Shackled
 11335 | D:8      | Reached skill level 11 in Polearms
 11454 | D:8      | Noticed Erica
 11488 | D:8      | Killed Erica
 11488 | D:8      | Reached skill level 12 in Polearms
 11611 | D:8      | Found a staircase to the Lair.
 11611 | D:8      | Noticed an elephant
 11612 | D:8      | Noticed a death yak
 11612 | D:8      | Noticed a centaur warrior
 11632 | D:8      | Reached skill level 13 in Polearms
 11688 | D:8      | Reached XP level 10. HP: 52/65 MP: 9/13
 11795 | D:8      | Killed an elephant
 11988 | D:8      | Killed a death yak
 11988 | D:8      | Reached skill level 14 in Polearms
 12211 | D:8      | Learned a level 3 spell: Regeneration
 12360 | D:9      | Reached skill level 1 in Necromancy
 12442 | D:9      | Noticed Philosophy's ghost (novice FoFi)
 12479 | D:9      | Killed Philosophy's ghost
 12664 | D:9      | Reached skill level 5 in Dodging
 12741 | D:9      | Reached * piety under Ashenzari
 13038 | D:9      | HP: 2/71 [orc warrior/glaive (18)]
 13365 | D:9      | Identified a scroll of acquirement
 13769 | D:9      | Reached XP level 11. HP: 59/78 MP: 4/14
 13795 | D:9      | Reached skill level 5 in Fighting
 14042 | D:10     | Entered Level 10 of the Dungeon
 14181 | D:10     | Noticed Urug
 14218 | D:10     | Slain by Urug

Skill      XL: |  1  2  3  4  5  6  7  8  9 10 11 |
---------------+----------------------------------+-----
Ice Magic      | 4 5 6 7 9 10 | 10.2
Armour         | 1 |  1.0
Fighting       | 1 4 5 |  5.0
Dodging        | 3 6 7 |  7.5
Charms         | 1 3 4 |  4.6
Summonings     | 1 2 3 |  3.0
Polearms       | 1 3 5 8 13 14 | 14.4
Necromancy     | 2 |  2.1
Stealth        | |  2.1
Spellcasting   | |  2.0
Conjurations   | |  0.7

Action                   |  1- 3 |  4- 6 |  7- 9 | 10-12 || total
-------------------------+-------+-------+-------+-------++-------
Melee: Unarmed           |    29 |       |       |       ||    29
       Short sword       |       |   106 |       |       ||   106
       Spear             |       |    94 |       |       ||    94
       Trident           |       |    17 |   589 |   218 ||   824
       Glaive            |       |       |       |   114 ||   114
 Cast: Freeze            |    51 |    80 |    33 |     1 ||   165
       Ozocubu's Armour  |       |    16 |    22 |    12 ||    50
       Summon Ice Beast  |       |       |    13 |    27 ||    40
Invok: Curse Item        |       |       |     5 |     1 ||     6
Evoke: Wand              |       |       |     6 |     5 ||    11
  Use: Scroll            |       |     3 |    18 |     3 ||    24
       Potion            |       |       |     1 |     8 ||     9
 Stab: Sleeping          |       |     3 |     5 |       ||     8
       Distracted        |       |       |     1 |     7 ||     8
  Eat: Chunk             |     4 |    18 |    20 |    15 ||    57
       Fruit             |       |       |     6 |       ||     6
Armor: Robe              |       |    21 |       |       ||    21
       Leather armour    |       |    50 |   221 |    84 ||   355
Dodge: Dodged            |    40 |   152 |   273 |   127 ||   592
